 Dungeon Crawl Stone Soup version 0.24.0-13-gcf9b3192b9 (webtiles) character file.

Game seed: 6825309993906199293, levelgen mode: deterministic

482 Delamore the Cleaver (level 7, -2/57 HPs)
             Began as a Hill Orc Fighter on Nov 10, 2019.
             Was a Follower of Okawaru.
             Slain by a big kobold
             ... wielding a +2 whip of distortion
              (4 damage)
             ... on level 3 of the Dungeon.
             The game lasted 00:05:16 (3126 turns).

Delamore the Cleaver (Hill Orc Fighter)             Turns: 3126, Time: 00:05:17

Health: -2/57      AC: 10    Str: 26    XL:     7   Next: 12%
Magic:  7/7        EV:  7    Int:  8    God:    Okawaru [*.....]
Gold:   170        SH:  9    Dex: 10    Spells: 6/6 levels left

rFire    . . .     SeeInvis .   a - +0 war axe
rCold    . . .     Gourm    .   c - +0 shield
rNeg     . . .     Faith    +   b - +0 scale mail
rPois    .         Spirit   .   (no helmet)
rElec    .         Reflect  .   e - scarf {cloud immunity}
rCorr    .         Harm     .   q - +1 pair of gloves
MR       .....                  u - +0 pair of boots
Stlth    ..........             p - amulet of faith
HPRegen  0.19/turn              (no ring)
MPRegen  0.10/turn              (no ring)

@: mighty, lethally poisoned (-2 -> -2)
A: no striking features
a: Heroism, Renounce Religion


You were on level 3 of the Dungeon.
You worshipped Okawaru.
Okawaru was aware of your devotion.
You were very hungry.

You visited 1 branch of the dungeon, and saw 3 of its levels.

You collected 170 gold pieces.

Inventory:

Hand Weapons
 a - a +0 war axe (weapon)
Missiles
 g - 3 silver javelins (quivered)
 s - a throwing net
Armour
 b - a +0 scale mail (worn)
 c - a +0 shield (worn)
 e - a scarf of cloud immunity (worn)
 q - a +1 pair of gloves (worn)
 u - a +0 pair of boots (worn)
Jewellery
 p - an amulet of faith (around neck)
Scrolls
 h - 6 scrolls of identify {unknown}
 i - a scroll of blinking {unknown}
 j - 3 scrolls of enchant armour {unknown}
 l - 2 scrolls of teleportation {unknown}
 n - 2 scrolls of remove curse {unknown}
 x - a scroll of amnesia {unknown}
 y - a scroll of magic mapping {unknown}
Potions
 d - a potion of might
 k - 2 potions of berserk rage {unknown}
 m - 2 potions of haste {unknown}
 o - a potion of magic {unknown}
 r - 2 potions of cancellation {unknown}
 t - a potion of heal wounds {unknown}
 v - a potion of brilliance {unknown}
 w - 3 potions of curing {unknown}
Comestibles
 f - 8 rations


   Skills:
 - Level 3.6 Fighting
 + Level 9.8 Axes
 - Level 3.2 Armour
 - Level 3.2 Shields


You had 6 spell levels left.
You didn't know any spells.
Your spell library was empty.

Dungeon Overview and Level Annotations

Branches:
Dungeon (3/15)

Altars:
Makhleb
Okawaru


Message History

The big kobold is severely wounded.
You feel sick. You block the big kobold's attack.
You slice the big kobold!!
You kill the big kobold!
Okawaru accepts your kill.
You have reached level 7!
You slash the kobold!
You kill the kobold!
Okawaru accepts your kill.
You slash the big kobold!
The big kobold is heavily wounded.
The big kobold hits you but does no damage.
Space bends around you.
* * * LOW HITPOINT WARNING * * *
You slash the big kobold!
The big kobold is almost dead.
You feel sick.
The big kobold hits you but does no damage.
Space bends around you.
You die...

...>..#.#### #........#
.#.....##.!.##...####.#
.##...##.....###.# #.#
.###.##.K#.#..##.####.#
......#8.#.#.8##...##.#
####.##..#.#..####.##.#
##'###.....### #.##.#
##....##'''##.###.##.#
##............KK@.....#
#.......##.###)###.####
...........##...##.#
.........'.......#.#####
.........####..........#
#.......## ##.###.###.#
##.....## #.###.# #.#
##...## #.##..# #.#
##'## #.##.## #.#


You could see a big kobold and a kobold.

Vanquished Creatures
  The ghost of namelastname112 the Sneak, an amateur DrAs (D:3)
  A big kobold (D:3)
  A hound (D:3)
  An orc wizard (D:3)
  3 gnolls (D:2)
  2 adders (D:2)
  2 oozes (D:3)
  A worm (D:3)
  4 dart slugs
  5 orcs
  5 ball pythons
  10 bats
  3 giant cockroaches
  6 goblins
  12 hobgoblins
  6 jackals (D:1)
  9 kobolds
  5 frilled lizards
  10 rats
87 creatures vanquished.

Vanquished Creatures (others)
  2 fungi (D:3)
  2 plants (D:3)
4 creatures vanquished.

Grand Total: 91 creatures vanquished

Notes
Turn   | Place    | Note
-------+----------+-------------------------------------------
     0 | D:1      | Delamore the Hill Orc Fighter began the quest for the Orb.
     0 | D:1      | Reached XP level 1. HP: 19/19 MP: 1/1
    14 | D:1      | Reached skill level 3 in Axes
    51 | D:1      | Reached XP level 2. HP: 22/26 MP: 2/2
   118 | D:1      | Reached skill level 4 in Axes
   294 | D:1      | Reached XP level 3. HP: 30/31 MP: 3/3
   557 | D:1      | Reached skill level 5 in Axes
   915 | D:2      | Reached XP level 4. HP: 13/39 MP: 4/4
   946 | D:2      | Reached skill level 6 in Axes
  1877 | D:3      | Found a runed translucent gate.
  1877 | D:3      | Found a runed translucent gate.
  1877 | D:3      | Found a runed translucent gate.
  1878 | D:3      | Noticed a big kobold
  1879 | D:3      | Noticed namelastname112's ghost (amateur DrAs)
  1966 | D:3      | Noticed a big kobold
  2008 | D:3      | Reached XP level 5. HP: 45/45 MP: 5/5
  2125 | D:3      | Reached skill level 7 in Axes
  2228 | D:3      | Found an iron altar of Okawaru.
  2297 | D:3      | Became a worshipper of Warmaster Okawaru
  2338 | D:3      | Found a burning altar of Makhleb.
  3117 | D:3      | Killed namelastname112's ghost
  3117 | D:3      | Reached * piety under Okawaru
  3117 | D:3      | Reached skill level 9 in Axes
  3117 | D:3      | Reached XP level 6. HP: 11/51 MP: 6/6
  3123 | D:3      | Reached XP level 7. HP: 5/57 MP: 7/7
  3126 | D:3      | HP: 2/57 [poisoned by a kobold]
  3126 | D:3      | Slain by a big kobold

Levels and vault maps discovered:
D:1:      onia_arrival_handbag, layout_loops_ring, hex_tiny,
          minmay_close_crescents
D:2:      layout_loops_corners, minmay_nonomino_d4
D:3:      wad_river_or_something, layout_loops_corners, lemuel_round_altar,
          gammafunk_ghost_nasty_kobolds, makhleb_heckhound_becter

Skill      XL: |  1  2  3  4  5 |
---------------+----------------+-----
Axes           | 3 4 5 6 9 |  9.8
Fighting       | |  3.6
Armour         | |  3.2
Shields        | |  3.2

Action                   |  1- 3 |  4- 6 |  7- 9 || total
-------------------------+-------+-------+-------++-------
Melee: War axe           |   128 |   130 |     3 ||   261
  Use: Potion            |       |     1 |       ||     1
  Eat: Chunk             |       |     6 |       ||     6
Armor: Scale mail        |    80 |    43 |     2 ||   125
Dodge: Dodged            |    46 |    45 |       ||    91
Block: Shield            |    72 |    61 |       ||   133
